 Dungeon Crawl Stone Soup version 0.18.1-48-g4cf74bf (webtiles) character file.

1395 KingGeedorah the Transmogrifier (level 8, 0/59 HPs)
             Began as a Black Draconian Transmuter on July 22, 2016.
             Slain by a centaur zombie (6 damage)
             ... on level 7 of the Dungeon.
             The game lasted 00:10:52 (7849 turns).

KingGeedorah the Transmogrifier (DrTm)              Turns: 7849, Time: 00:10:52

Health: 0/59       AC:  6    Str: 12    XL:     8   Next: 41%
Magic:  12/12      EV: 12    Int: 15    God:
Gold:   338        SH:  0    Dex: 13    Spells: 4 memorised, 2 levels left

rFire  . . .     SeeInvis .       - Unarmed
rCold  . . .     Gourm    .     (armour unavailable)
rNeg   . . .     Faith    .     (no shield)
rPois  .         Spirit   .     (helmet restricted)
rElec  +         Dismiss  .     (no cloak)
rCorr  .         Reflect  .     (no gloves)
SustAt .         Harm     .     (no boots)
MR     .....                    (no amulet)
Stlth  +.........               (no ring)
                                (no ring)

@: not resistant to hostile enchantments, very unstealthy
A: breathe lightning, unfitting armour, electricity resistance, cold-blooded, AC
+6
a: Breathe Lightning


You were on level 7 of the Dungeon.
You were not hungry.

You visited 2 branches of the dungeon, and saw 8 of its levels.

You collected 338 gold pieces.

Inventory:

Missiles
 a - 91 arrows
Armour
 r - the +1 cloak of Wukk {rN+, unknown}
   (You found it on level 5 of the Dungeon)

   It protects you from negative energy.
Jewellery
 e - a cursed ring of see invisible
 s - an uncursed ring of fire {unknown}
 t - an uncursed amulet of magic regeneration {unknown}
 u - a cursed ring of wizardry {unknown}
 x - an uncursed ring of magical power {unknown}
Wands
 j - a wand of teleportation (7/9)
 l - a wand of iceblast (7/15)
 p - a wand of acid (5/15)
 w - a wand of acid (6/15)
Scrolls
 i - 4 scrolls of teleportation
Potions
 d - 3 potions of curing
 f - a potion of heal wounds {unknown}
 g - a potion of resistance {unknown}
 h - a potion of cancellation {unknown}
 k - a potion of might {unknown}
 n - a potion of magic {unknown}
 o - a potion of brilliance {unknown}
 q - a potion of mutation {unknown}
 v - a potion of agility {unknown}
Books
 b - a book of Changes

   Spells                             Type                      Level
   a - Beastly Appendage              Transmutation                1
   b - Sticks to Snakes               Transmutation                2
   c - Spider Form                    Transmutation/Poison         3
   d - Ice Form                       Ice/Transmutation            4
   e - Blade Hands                    Transmutation                5
Comestibles
 c - 3 bread rations
 m - 5 meat rations


   Skills:
 - Level 1.1 Fighting
 - Level 1.7 Dodging
 - Level 3.0 Unarmed Combat
 - Level 3.3 Spellcasting
 + Level 10.1 Transmutations


You had 2 spell levels left.
You knew the following spells:

 Your Spells              Type           Power        Failure   Level  Hunger
a - Beastly Appendage     Trmt           ####..       1%          1    #......
b - Sticks to Snakes      Trmt           ####....     1%          2    ##.....
c - Spider Form           Trmt/Pois      ###.......   10%         3    ###....
d - Blade Hands           Trmt           ####......   12%         5    ######.


Dungeon Overview and Level Annotations

Branches:
Dungeon (7/15)             Temple (1/1) D:5

Altars:
Cheibriados
Dithmenos
Elyvilon
Fedhas
Gozag
Kikubaaqudgha
Makhleb
Nemelex Xobeh
Pakellas
Qazlal
Trog
Vehumet
Xom
Yredelemnul
Zin
The Shining One

Annotations:
D:3 Krovax2's ghost, amateur GrEE


Innate Abilities, Weirdness & Mutations

You can breathe wild blasts of lightning.
Your glossy black scales are hard (AC +6).
Your body does not fit into most forms of armour.
You are resistant to electric shocks.
You are cold-blooded and may be slowed by cold attacks.


Message History

The iguana is heavily wounded.
The centaur zombie hits you. The iguana bites you!
* * * LOW HITPOINT WARNING * * *
You are too injured to fight recklessly!
You are too injured to fight recklessly!
You are too injured to fight recklessly!
You are too injured to fight recklessly!
You are too injured to fight recklessly!
You are too injured to fight recklessly!
You are too injured to fight recklessly!
You are too injured to fight recklessly!
You are too injured to fight recklessly!
You are too injured to fight recklessly!
You are too injured to fight recklessly!
The centaur zombie hits you.
* * * LOW HITPOINT WARNING * * *
The centaur zombie hits you.
* * * LOW HITPOINT WARNING * * *
The centaur zombie hits you.
You die...

#.##.# #.##.#
#.##.#
#########.##.#
####............#
#........)......#
#............<..#
#....#######.##.#
#....#
######@####.#
#....#
#....Z......#
#....#
#....l......#
#....#
#...........#
######
#####...###$..
#...# .# #.... .
#...#. #...#..


You could see an iguana and a centaur zombie.

Vanquished Creatures
  Grinder (D:3)
  Edmund (D:6)
  A water moccasin (D:6)
  A sky beast (D:6)
  3 ogres (D:4)
  A centaur (D:5)
  A howler monkey (D:4)
  A crimson imp (D:5)
  An orc priest (D:4)
  A gnoll shaman (D:6)
  A worker ant (D:4)
  7 gnolls
  9 adders
  An ooze (D:6)
  3 worms
  2 dart slugs
  A giant gecko (D:4)
  3 orcs
  2 ball pythons
  6 giant cockroaches
  21 goblins
  2 hobgoblins
  10 jackals
  2 kobolds
  4 quokkas
  9 bats
  A giant gecko skeleton (D:5)
  A giant newt (D:2)
  A quokka zombie (D:7)
  3 rats
101 creatures vanquished.

Vanquished Creatures (collateral kills)
  The ghost of Tagedieb the Covert, a novice SpEn of Dithmenos (D:5)
1 creature vanquished.

Vanquished Creatures (others)
  A quokka (D:3)
1 creature vanquished.

Grand Total: 103 creatures vanquished

Notes
Turn   | Place    | Note
--------------------------------------------------------------
     0 | D:1      | KingGeedorah the Draconian Transmuter began the quest for the Orb.
     0 | D:1      | Reached XP level 1. HP: 16/16 MP: 3/3
   133 | D:1      | Reached XP level 2. HP: 3/23 MP: 3/5
   513 | D:1      | Learned a level 2 spell: Sticks to Snakes
   625 | D:1      | Reached skill level 3 in Transmutations
  1125 | D:2      | Reached XP level 3. HP: 28/28 MP: 2/6
  1415 | D:2      | Reached skill level 4 in Transmutations
  1492 | D:2      | Learned a level 3 spell: Spider Form
  1699 | D:2      | Reached XP level 4. HP: 34/35 MP: 0/7
  2630 | D:3      | Noticed Grinder
  2653 | D:3      | Killed Grinder
  2653 | D:3      | Reached skill level 6 in Transmutations
  2653 | D:3      | Reached XP level 5. HP: 27/40 MP: 1/8
  2653 | D:3      | Reached XP level 6. HP: 31/47 MP: 1/9
  2996 | D:3      | Found a stormy altar of Qazlal.
  3297 | D:3      | Found a white marble altar of Elyvilon.
  3417 | D:3      | Noticed Krovax2's ghost (amateur GrEE)
  3418 | D:3      | Found an oddly glowing altar of Pakellas.
  3835 | D:4      | Reached skill level 7 in Transmutations
  4204 | D:4      | Your scales start taking on a glossy black colour.
  4204 | D:4      | Reached XP level 7. HP: 44/52 MP: 9/11
  4204 | D:4      | Gained mutation: You are resistant to electric shocks. [Black Draconian growth]
  4746 | D:4      | Learned a level 5 spell: Blade Hands
  5357 | D:5      | Entered Level 5 of the Dungeon
  5810 | D:5      | Reached skill level 8 in Transmutations
  5837 | D:5      | Found a staircase to the Ecumenical Temple.
  5845 | Temple   | Entered the Ecumenical Temple
  6206 | D:5      | Noticed Tagedieb's ghost (novice SpEn)
  6227 | D:5      | Killed Tagedieb's ghost
  6440 | D:5      | Reached skill level 9 in Transmutations
  6440 | D:5      | Reached XP level 8. HP: 27/59 MP: 1/12
  6622 | D:5      | Got a blackened cloak
  6632 | D:5      | Found an opulent altar of Gozag.
  6817 | D:6      | Noticed Edmund
  6830 | D:6      | Killed Edmund
  7456 | D:6      | Reached skill level 10 in Transmutations
  7735 | D:6      | Found a radiant altar of Vehumet.
  7849 | D:7      | Slain by a centaur zombie

Skill      XL: |  1  2  3  4  5  6  7  8 |
---------------+-------------------------+-----
Transmutations | 3 4 6 7 9 10 | 10.1
Spellcasting   | 3 |  3.3
Fighting       | |  1.1
Dodging        | |  1.7
Unarmed Combat | |  3.0

Action                   |  1- 3 |  4- 6 |  7- 9 || total
-------------------------+-------+-------+-------++-------
Melee: Unarmed           |   137 |   183 |   175 ||   495
       Tailslap          |    11 |    12 |    18 ||    41
       Kick              |     2 |       |       ||     2
       Headbutt          |     3 |       |       ||     3
       Punch             |     1 |     3 |     3 ||     7
 Cast: Beastly Appendage |     4 |       |       ||     4
       Sticks to Snakes  |     1 |     7 |     3 ||    11
       Spider Form       |     1 |     7 |     3 ||    11
       Blade Hands       |       |       |     5 ||     5
  Use: Scroll            |       |     5 |     6 ||    11
       Potion            |       |       |     1 ||     1
 Stab: Sleeping          |     2 |       |     1 ||     3
       Distracted        |       |       |     1 ||     1
  Eat: Chunk             |     3 |     8 |    11 ||    22
       Beef jerky        |       |     1 |       ||     1
       Meat ration       |       |       |     1 ||     1
       Pizza             |       |       |     1 ||     1
Armor: Skin              |    36 |    39 |    43 ||   118
Dodge: Dodged            |    85 |   143 |    98 ||   326
